 Dungeon Crawl Stone Soup version 0.19.0-20-gbc5f0c6 (webtiles) character file.

10865 Ijustatesigmund the Slicer (level 12, -3/85 HPs)
             Began as a Halfling Fighter on Nov 17, 2016.
             Was an Elder of Cheibriados.
             Slain by a hill giant
             ... wielding a +0 giant club
              (31 damage)
             ... on level 12 of the Dungeon.
             The game lasted 00:39:52 (13803 turns).

Ijustatesigmund the Slicer (Halfling Fighter)      Turns: 13803, Time: 00:39:52

Health: -3/85      AC: 13    Str: 27    XL:     12   Next: 0%
Magic:  15/19      EV: 16    Int: 19    God:    Cheibriados [****..]
Gold:   674        SH: 17    Dex: 29    Spells: 0 memorised, 11 levels left

rFire  . . .     SeeInvis +     a - +0 rapier
rCold  . . .     Gourm    .     b - +0 scale mail
rNeg   . . .     Faith    .     x - +0 shield "Jyen Wuocyg" {Int+3}
rPois  +         Spirit   .     c - +1 helmet
rElec  .         Reflect  +     q - +0 cloak
rCorr  .         Harm     .     p - +1 pair of gloves
MR     .....                    (no boots)
Stlth  +.........               C - +4 amulet of reflection
                                j - ring of poison resistance
                                F - ring of see invisible

@: very slow
A: mutation resistance 1
a: Bend Time, Temporal Distortion, Slouch, Renounce Religion


You were on level 12 of the Dungeon.
You worshipped Cheibriados.
Cheibriados was greatly pleased with you.
You were very hungry.

You visited 1 branch of the dungeon, and saw 12 of its levels.

You collected 758 gold pieces.
You spent 84 gold pieces at shops.

Inventory:

Hand Weapons
 a - a +0 rapier (weapon)
 i - a +2 long sword of holy wrath
 l - a +1 hunting sling of flaming
 O - a +2 scimitar of flaming
Missiles
 s - 87 sling bullets
Armour
 b - a +0 scale mail (worn)
 c - a +1 helmet (worn)
 p - a +1 pair of gloves (worn)
 q - a +0 cloak (worn)
 x - the +0 shield "Jyen Wuocyg" (worn) {Int+3}
   (You found it on level 5 of the Dungeon)

   It affects your intelligence (+3).
 P - a +2 robe of positive energy
Jewellery
 j - a ring of poison resistance (right hand)
 o - an uncursed ring of positive energy
 C - a +4 amulet of reflection (around neck)
 F - a ring of see invisible (left hand)
 M - an uncursed ring of resist corrosion
Wands
 d - a wand of lightning (7/15)
 y - a wand of acid (0/15)
 J - a wand of iceblast (6/15)
Scrolls
 g - 2 scrolls of remove curse
 k - 7 scrolls of magic mapping
 m - 3 scrolls of recharging
Potions
 e - 5 potions of curing
 r - 2 potions of mutation
 u - 3 potions of flight
 v - 3 potions of lignification
 w - a potion of cure mutation
 z - 2 potions of beneficial mutation {unknown}
 A - a potion of brilliance {unknown}
 B - 2 potions of haste {unknown}
 E - a potion of cancellation {unknown}
 H - a potion of ambrosia {unknown}
 K - a potion of invisibility {unknown}
 N - a potion of magic {unknown}
Books
 G - a book of Geomancy

   Spells                             Type                      Level
   a - Sandblast                      Earth                        1
   b - Passwall                       Transmutation/Earth          2
   c - Stone Arrow                    Conjuration/Earth            3
   d - Petrify                        Transmutation/Earth          4
   e - Lee's Rapid Deconstruction     Earth                        5
Comestibles
 f - 10 bread rations
 h - 9 slices of pizza
 n - 4 meat rations
 D - 4 fruits
 I - 3 beef jerkies


   Skills:
 + Level 9.1 Fighting
 + Level 11.4 Short Blades
 - Level 6.1 Slings
 - Level 5.1 Armour
 - Level 5.7 Dodging
 - Level 5.0 Shields
 + Level 9.8 Invocations


You had 11 spell levels left.
You didn't know any spells.

Dungeon Overview and Level Annotations

Branches:
Dungeon (12/15)            Temple (0/1) D:7            Lair (0/6) D:11
    Orc (0/2) D:10

Altars:
Cheibriados
Dithmenos
Gozag
Makhleb
Okawaru
Qazlal
Trog

Shops:
D:6 !

Annotations:
D:9 Prince Ribbit


Innate Abilities, Weirdness & Mutations

You are small and have problems with some larger weapons.
You are somewhat resistant to further mutation.


Message History

There is an escape hatch in the floor here.
You block the orc warrior's attack. You block the hill giant's attack.
You slide downwards.
The hatch slams shut behind you.
A necrophage comes into view.
You puncture the hill giant!
The hill giant is heavily wounded.
You puncture the hill giant!
The hill giant is severely wounded.
You block the hill giant's attack. You block the necrophage's attack.
You puncture the hill giant!
The hill giant is severely wounded.
You block the necrophage's attack.
The hill giant hits you with a giant club!!
You puncture the hill giant!
The hill giant is almost dead.
The necrophage hits you but does no damage.
You hit the hill giant but do no damage.
The hill giant is almost dead.
The hill giant hits you with a giant club!!
You die... #.##.###### ......n@Co# ###..####.# # #

You could see a hill giant, an orc warrior and a necrophage.

Vanquished Creatures
  Erolcha (D:9)
  Erica (D:10)
  An unseen horror (D:10)
  Maurice (D:10)
  Joseph (D:7)
  Psyche (D:10)
  A komodo dragon (D:11)
  2 hippogriffs
  A human (D:7)
  A yak (D:9)
  4 hogs (D:7)
  Grum (D:9)
  A warg (D:10)
  Duvessa (D:7)
  A water moccasin (D:9)
  4 orc warriors
  2 ice beasts (D:6)
  5 sky beasts
  4 black bears
  2 wolves (D:9)
  3 phantoms
  An eye of draining (D:10)
  4 centaurs
  4 ogres
  3 big kobolds
  The ghost of Ripsaw the Digger, an amateur GrEE (D:3)
  7 bullfrogs
  Dowan (D:7)
  2 scorpions
  15 killer bees
  2 howler monkeys
  3 crimson imps
  A bullfrog zombie (D:10)
  2 bullfrog skeletons
  An iron imp (D:4)
  3 jellies
  18 orc wizards
  4 hounds
  A centaur skeleton (D:9)
  12 orc priests
  Crazy Yiuf (D:4)
  3 iguanas
  8 worker ants
  A hound zombie (D:8)
  A worker ant zombie (D:10)
  10 gnolls
  A howler monkey skeleton (D:5)
  5 adders
  2 shadow imps (D:10)
  An ooze (D:3)
  An adder zombie (D:10)
  A worm (D:5)
  3 dart slugs
  4 leopard geckos
  49 orcs
  A ball python (D:4)
  7 giant cockroaches
  4 goblins
  7 hobgoblins
  7 jackals
  5 quokkas
  6 bats
  11 frilled lizards
  A jackal skeleton (D:5)
  22 kobolds
  8 rats
294 creatures vanquished.

Vanquished Creatures (others)
  A plant (D:9)
1 creature vanquished.

Grand Total: 295 creatures vanquished

Notes
Turn   | Place    | Note
-------+----------+-------------------------------------------
     0 | D:1      | Ijustatesigmund the Halfling Fighter began the quest for the Orb.
     0 | D:1      | Reached XP level 1. HP: 15/15 MP: 1/1
   113 | D:1      | Reached XP level 2. HP: 20/20 MP: 2/2
   552 | D:1      | Reached skill level 3 in Short Blades
   834 | D:2      | Found a faded altar of an unknown god.
   894 | D:2      | Reached skill level 1 in Dodging
   894 | D:2      | Reached XP level 3. HP: 26/26 MP: 3/3
  1373 | D:3      | Noticed Ripsaw's ghost (amateur GrEE)
  1385 | D:3      | Killed Ripsaw's ghost
  1385 | D:3      | Reached skill level 4 in Short Blades
  1385 | D:3      | Reached XP level 4. HP: 26/31 MP: 4/4
  1385 | D:3      | Reached XP level 5. HP: 30/36 MP: 5/5
  1430 | D:3      | Found an opulent altar of Gozag.
  1999 | D:4      | Reached XP level 6. HP: 32/43 MP: 6/6
  2679 | D:3      | Found a bloodstained altar of Trog.
  3142 | D:4      | Reached skill level 5 in Short Blades
  3244 | D:4      | Noticed an ogre
  3254 | D:4      | Killed an ogre
  3254 | D:4      | Reached XP level 7. HP: 41/49 MP: 7/7
  3441 | D:4      | Found a burning altar of Makhleb.
  3441 | D:4      | Found a stormy altar of Qazlal.
  3442 | D:4      | Found an iron altar of Okawaru.
  3591 | D:4      | Found a runed door.
  3626 | D:4      | Noticed Crazy Yiuf
  3644 | D:4      | Killed Crazy Yiuf
  4016 | D:4      | Found a snail-covered altar of Cheibriados.
  4170 | D:5      | Entered Level 5 of the Dungeon
  4839 | D:5      | Reached skill level 5 in Fighting
  4839 | D:5      | Reached skill level 6 in Short Blades
  4839 | D:5      | Reached skill level 5 in Dodging
  4848 | D:5      | Reached XP level 8. HP: 45/55 MP: 8/8
  5159 | D:5      | Got a jewelled shield
  5172 | D:5      | Identified the cursed +0 shield "Jyen Wuocyg" {Int+3} (You found it on level 5 of the Dungeon)
  5995 | D:6      | Found Qosoaraves's Distillery.
  5998 | D:6      | Bought 2 potions of curing for 84 gold pieces
  6012 | D:6      | Found a shadowy altar of Dithmenos.
  6487 | D:6      | Reached skill level 5 in Armour
  6487 | D:6      | Reached skill level 5 in Shields
  6638 | D:4      | Became a worshipper of Cheibriados the Contemplative
  6727 | D:6      | Reached skill level 1 in Invocations
  6727 | D:6      | Reached XP level 9. HP: 48/61 MP: 9/9
  7138 | D:6      | Reached skill level 7 in Short Blades
  7266 | D:6      | Found a snail-covered altar of Cheibriados.
  7481 | D:7      | Found a staircase to the Ecumenical Temple.
  7559 | D:7      | Noticed Duvessa
  7560 | D:7      | Noticed Dowan
  7588 | D:7      | Killed Duvessa
  7591 | D:7      | Killed Dowan
  7740 | D:7      | Reached * piety under Cheibriados
  7778 | D:7      | Reached skill level 8 in Short Blades
  7846 | D:7      | Noticed Joseph
  7864 | D:7      | Paralysed by Joseph for 3 turns
  8103 | D:8      | Noticed Prince Ribbit
  8297 | D:8      | Reached ** piety under Cheibriados
  8526 | D:8      | Reached XP level 10. HP: 69/69 MP: 13/13
  8714 | D:8      | Reached skill level 5 in Invocations
  8736 | D:8      | Reached skill level 9 in Short Blades
  8956 | D:7      | Paralysed by Joseph for 7 turns
  8968 | D:7      | Paralysed by Joseph for 3 turns
  9219 | D:9      | Noticed Grum
  9274 | D:9      | Killed Grum
  9584 | D:9      | Reached skill level 1 in Slings
  9591 | D:10     | Entered Level 10 of the Dungeon
 10217 | D:9      | Reached *** piety under Cheibriados
 10230 | D:9      | Noticed Erolcha
 10245 | D:9      | Killed Erolcha
 10334 | D:9      | Reached skill level 5 in Slings
 10945 | D:9      | Noticed a hill giant
 10957 | D:9      | Reached XP level 11. HP: 40/75 MP: 16/16
 11551 | D:7      | Killed Joseph
 11640 | D:7      | Reached skill level 10 in Short Blades
 11651 | D:7      | Reached **** piety under Cheibriados
 12247 | D:10     | Noticed Maurice
 12272 | D:10     | Killed Maurice
 12418 | D:10     | Noticed Psyche
 12436 | D:10     | Killed Psyche
 12623 | D:10     | Noticed an unseen horror
 12657 | D:10     | Killed an unseen horror
 12828 | D:10     | Reached skill level 11 in Short Blades
 12938 | D:10     | Found a staircase to the Orcish Mines.
 13163 | D:10     | Noticed Erica
 13199 | D:10     | Killed Erica
 13264 | D:10     | Reached ***** piety under Cheibriados
 13778 | D:11     | Found a staircase to the Lair.
 13780 | D:11     | Noticed a hill giant
 13794 | D:11     | Reached XP level 12. HP: 45/85 MP: 19/19
 13803 | D:12     | Slain by a hill giant

Skill      XL: |  1  2  3  4  5  6  7  8  9 10 11 |
---------------+----------------------------------+-----
Fighting       | 3 4 5 6 7 9 |  9.1
Short Blades   | 3 4 5 6 8 9 11 | 11.4
Dodging        | 1 2 3 4 5 |  5.7
Armour         | 5 |  5.1
Shields        | 5 |  5.0
Invocations    | 1 4 7 9 |  9.8
Slings         | 6 |  6.1

Action                   |  1- 3 |  4- 6 |  7- 9 | 10-12 || total
-------------------------+-------+-------+-------+-------++-------
Melee: Short sword       |   129 |   204 |   382 |       ||   715
       Rapier            |     3 |       |   278 |   701 ||   982
       Long sword        |       |       |       |    46 ||    46
       Scimitar          |       |       |       |    13 ||    13
 Fire: Hunting sling     |       |       |       |    23 ||    23
Invok: Bend Time         |       |       |       |     2 ||     2
       Slouch            |       |       |       |     2 ||     2
Evoke: Wand              |       |       |     4 |     4 ||     8
  Use: Scroll            |     5 |     2 |    12 |     8 ||    27
       Potion            |     1 |       |     1 |     2 ||     4
  Eat: Chunk             |     1 |     7 |     8 |     4 ||    20
       Pizza             |       |       |     1 |       ||     1
       Beef jerky        |       |       |     1 |       ||     1
       Bread ration      |       |       |     1 |       ||     1
       Royal jelly       |       |       |       |     1 ||     1
       Fruit             |       |       |       |     3 ||     3
Armor: Scale mail        |    22 |    40 |   112 |   105 ||   279
Dodge: Dodged            |    37 |    74 |   201 |   244 ||   556
Block: Shield            |    39 |    65 |   259 |   526 ||   889
       Reflection        |       |       |     8 |    14 ||    22
       Rpst.: Long sword |       |       |       |     5 ||     5
       Scimitar          |       |       |       |     2 ||     2
